 Dungeon Crawl Stone Soup version 0.24-a0-271-ga0fc33f (webtiles) character file.

Game seed: 2505922169205685978

652 nikopol the Chopper (level 7, 0/91 HPs)
             Began as a Minotaur Berserker on Apr 23, 2019.
             Was an Elder of Trog.
             Slain by a river rat (4 damage)
             ... on level 4 of the Dungeon.
             The game lasted 00:05:08 (2692 turns).

nikopol the Chopper (Minotaur Berserker)            Turns: 2692, Time: 00:05:09

Health: 0/91       AC:  7    Str: 28    XL:     7   Next: 28%
Magic:  6/6        EV: 12    Int:  4    God:    Trog [****..]
Gold:   283        SH:  0    Dex: 10    Spells: 6/6 levels left

rFire    . . .     SeeInvis .   a - +0 hand axe
rCold    . . .     Gourm    .   (no shield)
rNeg     . . .     Faith    .   e - +0 ring mail
rPois    .         Spirit   .   (helmet restricted)
rElec    .         Reflect  .   y - +0 cloak (curse)
rCorr    .         Harm     .   (no gloves)
MR       .....                  (no boots)
Stlth    ..........             (no amulet)
HPRegen  0.25/turn              (no ring)
MPRegen  0.10/turn              (no ring)

@: berserking (expiring), very quick
A: retaliatory headbutt, horns 2
a: Berserk, Trog's Hand, Brothers in Arms, Renounce Religion


You were on level 4 of the Dungeon.
You worshipped Trog.
Trog was greatly pleased with you.
You were hungry.

You visited 1 branch of the dungeon, and saw 4 of its levels.

You collected 283 gold pieces.

Inventory:

Hand Weapons
 a - a +0 hand axe (weapon)
 z - a +0 hand crossbow
Missiles
 x - 17 bolts
Armour
 b - a +0 animal skin
 e - a +0 ring mail (worn)
 y - a cursed +0 cloak (worn)
Wands
 p - a wand of acid (5)
Scrolls
 d - a scroll of teleportation {unknown}
 h - 6 scrolls of identify {unknown}
 j - a scroll of enchant armour {unknown}
 k - 2 scrolls of remove curse {unknown}
 m - 2 scrolls of immolation {unknown}
 o - a scroll of random uselessness {unknown}
 r - 2 scrolls of fear {unknown}
 w - a scroll of amnesia {unknown}
Potions
 f - a potion of lignification {unknown}
 g - 2 potions of magic {unknown}
 i - a potion of heal wounds {unknown}
 l - a potion of haste {unknown}
 n - a potion of might {unknown}
 q - 2 potions of curing {unknown}
 s - 2 potions of berserk rage {unknown}
 t - a potion of ambrosia {unknown}
 v - a potion of degeneration {unknown}
Comestibles
 c - 14 rations


   Skills:
 + Level 5.5 Fighting
 * Level 6.7 Axes
 * Level 3.7 Crossbows
 + Level 4.6 Armour
 + Level 2.9 Dodging
 + Level 0.1 Stealth


You had 6 spell levels left.
You didn't know any spells.
Your spell library was empty.

Dungeon Overview and Level Annotations

Branches:
Dungeon (4/15)             Temple (0/1) D:4

Altars:
Kikubaaqudgha
Trog
Uskayaw
Wu Jian


Innate Abilities, Weirdness & Mutations

You reflexively headbutt those who attack you in melee.
You have a pair of horns on your head.


Message History

Hylith's ghost is almost destroyed.
Hylith's ghost completely misses you. You furiously retaliate!
You headbutt Hylith's ghost!
You destroy Hylith's ghost!
Trog accepts your kill. The giant cockroach barely misses you.
The river rat bites you.
* * * LOW HITPOINT WARNING * * *
The river rat closely misses you.
There is an open translucent door, spattered with blood here.
You closely miss the river rat. Your headbutt misses the river rat.
You slash the giant cockroach!
You kill the giant cockroach!
Trog accepts your kill.
You can now call in reinforcements.
You hit the river rat. The river rat bites you!
* * * LOW HITPOINT WARNING * * *
The river rat barely misses you.
You closely miss the river rat. You barely miss the river rat.
You barely miss the river rat. You hit the river rat but do no damage.
The river rat bites you.
You die...

#+ ###..##
⌠.⌠######..#..#
.>.#........#.##
.⌠####......#.##
#.........##
######..........#
##......##########
...###
#.......#r≈≈≈≈≈≈
......
........@r≈≈≈!≈≈
..####
.......†#≈≈≈≈≈≈≈
##
........########
###. )........
#... .........
##... ..........
#.... ..!.......
##.... ...........
#..... #.....


You could see 2 river rats.

Vanquished Creatures
  A sky beast (D:3)
  A phantom (D:4)
  The ghost of Hylith the Shield-Bearer, an amateur HuFi (D:4)
  A bullfrog (D:4)
  2 hounds (D:4)
  An orc wizard (D:3)
  Terence (D:3)
  An iguana (D:4)
  Ijyb (D:3)
  2 worker ants (D:4)
  2 adders
  An adder skeleton (D:4)
  2 worms (D:2)
  2 dart slugs
  3 leopard geckos
  4 orcs (D:3)
  A ball python (D:3)
  8 giant cockroaches
  9 goblins
  5 hobgoblins
  11 jackals
  A quokka (D:3)
  10 bats
  3 frilled lizards
  9 kobolds
  18 rats
101 creatures vanquished.

Vanquished Creatures (others)
  A human (D:2)
1 creature vanquished.

Grand Total: 102 creatures vanquished

Notes
Turn   | Place    | Note
-------+----------+-------------------------------------------
     0 | D:1      | nikopol the Minotaur Berserker began the quest for the Orb.
     0 | D:1      | Reached XP level 1. HP: 19/19 MP: 0/0
   187 | D:1      | Reached XP level 2. HP: 27/27 MP: 1/1
   378 | D:1      | Reached skill level 4 in Axes
   430 | D:1      | You fall through a shaft!
   478 | D:2      | Reached ** piety under Trog
   556 | D:1      | Reached XP level 3. HP: 28/33 MP: 2/2
  1223 | D:2      | Found an ancient bone altar of Kikubaaqudgha.
  1224 | D:2      | Noticed a human
  1227 | D:2      | Killed a human
  1561 | D:2      | Reached XP level 4. HP: 41/41 MP: 3/3
  1717 | D:3      | Noticed a sky beast
  1720 | D:3      | Noticed Ijyb
  1726 | D:3      | Killed Ijyb
  1726 | D:3      | Reached *** piety under Trog
  1726 | D:3      | Reached skill level 5 in Axes
  1727 | D:3      | Killed a sky beast
  1727 | D:3      | Reached XP level 5. HP: 47/47 MP: 4/4
  1845 | D:3      | Found a hide-covered altar of Uskayaw.
  1968 | D:3      | Noticed Terence
  1980 | D:3      | Killed Terence
  2098 | D:3      | Reached skill level 6 in Axes
  2150 | D:3      | Found a bloodstained altar of Trog.
  2224 | D:3      | Reached XP level 6. HP: 55/55 MP: 5/5
  2366 | D:3      | Found an ornate altar of the Wu Jian Council.
  2366 | D:3      | Found a bloodstained altar of Trog.
  2371 | D:3      | Reached skill level 1 in Crossbows
  2542 | D:4      | Reached skill level 5 in Fighting
  2662 | D:4      | Found a staircase to the Ecumenical Temple.
  2663 | D:4      | Found a runed translucent door.
  2666 | D:4      | Noticed Hylith's ghost (amateur HuFi)
  2674 | D:4      | Reached XP level 7. HP: 48/61 MP: 6/6
  2688 | D:4      | Killed Hylith's ghost
  2690 | D:4      | Reached **** piety under Trog
  2690 | D:4      | HP: 3/91 [river rat (7)]
  2692 | D:4      | Slain by a river rat

Levels and vault maps discovered:
D:1:      minmay_arrival_glassed_features, layout_loops_corners,
          minmay_rat_gold_closets
D:2:      layout_loops_ring, tgw_kikubaaqudgha
D:3:      layout_loops_cross, eat_drink_and_be_merry_uskayaw,
          amethyst_overflow_temple_binary, trog_hazing_becter, uniq_ijyb,
          uniq_terence
D:4:      layout_cave_pods, nicolae_ru_the_path_less_chosen, temple_doors_cd,
          ebering_ghost_sewer_f, uniq_crazy_yiuf_cottage

Skill      XL: |  1  2  3  4  5  6 |
---------------+-------------------+-----
Fighting       | 4 5 |  5.5
Axes           | 4 5 6 |  6.7
Armour         | 3 4 |  4.6
Crossbows      | 3 |  3.7
Dodging        | |  2.9
Stealth        | |  0.1

Action                   |  1- 3 |  4- 6 |  7- 9 || total
-------------------------+-------+-------+-------++-------
Melee: Hand axe          |   101 |    83 |    16 ||   200
       Headbutt          |    13 |    16 |     2 ||    31
 Fire: Hand crossbow     |       |    36 |       ||    36
Invok: Berserk           |       |     1 |     1 ||     2
  Eat: Chunk             |     2 |     5 |       ||     7
Armor: Ring mail         |    49 |    29 |     6 ||    84
Dodge: Dodged            |    60 |    65 |     6 ||   131

Table legend:
 A = Non-vault XP
 B = Vault XP
 C = Vault XP percentage of total XP
 D = Non-vault monster count
 E = Vault monster count
 F = Vault count percentage of total count
                 A         B        C        D         E       F
            +---------+---------+-------+---------+---------+-------
      Total |     644 |     288 |  30.9 |      83 |      18 |  17.8
            +---------+---------+-------+---------+---------+-------
        D:1 |      33 |       7 |  17.5 |      22 |       7 |  24.1
        D:2 |      77 |       0 |   0.0 |      31 |       0 |   0.0
        D:3 |     216 |      80 |  27.0 |      21 |       8 |  27.6
        D:4 |     318 |     201 |  38.7 |       9 |       3 |  25.0
            +---------+---------+-------+---------+---------+-------
